 Dungeon Crawl Stone Soup version 0.29-a0-298-g3c90f9a769 (webtiles) character file.

Game seed: 11941179101793298301

91 Dabor the Stinger (level 4, 0/24 HPs)
             Began as a Deep Elf Venom Mage on Mar 23, 2022.
             Was a Believer of Lugonu.
             Killed from afar by Natasha (9 damage)
             ... with a magic dart
             ... on level 2 of the Dungeon.
             The game lasted 00:02:27 (2423 turns).

Dabor the Stinger (Deep Elf Venom Mage)             Turns: 2423, Time: 00:02:28

Health: 0/24       AC:  3    Str:  5    XL:     4   Next: 33%
Magic:  0/11       EV: 13    Int: 22    God:    Lugonu [**....]
Gold:   23         SH:  0    Dex: 15    Spells: 7/10 levels left

rFire   . . .      SeeInvis .   (no weapon)
rCold   . . .      Faith    .   (no shield)
rNeg    . . .      Spirit   .   a - +0 robe
rPois   .          Reflect  .   (no helmet)
rElec   .          Harm     .   (no cloak)
rCorr   .          Rampage  .   (no gloves)
Will    .....                   i - +0 pair of boots {Stlth+}
Stlth   +++.......              (no amulet)
HPRegen 0.08/turn               (no ring)
MPRegen 0.12/turn               (no ring)

@: no status effects
A: no striking features
a: Renounce Religion, Depart the Abyss, Bend Space


You were on level 2 of the Dungeon.
You worshipped Lugonu.
Lugonu was pleased with you.
You visited 1 branch of the dungeon, and saw 2 of its levels.

You collected 23 gold pieces.

Inventory:

Armour
 a - a +0 robe (worn)
 i - a +0 pair of boots of stealth (worn)
Scrolls
 c - a scroll of torment {unknown}
 d - a scroll of identify {unknown}
 e - a scroll of silence {unknown}
 g - a scroll of vulnerability {unknown}
Potions
 b - a potion of magic
 f - a potion of curing {unknown}
 h - a potion of degeneration {unknown}


   Skills:
 + Level 3.1 Dodging
 - Level 3.0 Stealth
 + Level 3.6 Spellcasting
 + Level 2.2 Transmutations
 + Level 0.7 Air Magic
 * Level 3.9 Poison Magic
 + Level 0.8 Invocations


You had 7 spell levels left.
You knew the following spells:

 Your Spells              Type           Power      Damage    Failure   Level
a - Sting                 Tmut/Pois      68%        1d6       3%          1
b - Poisonous Vapours     Pois/Air       28%        N/A       7%          2

Your spell library contained the following spells:

 Spells                   Type           Power      Damage    Failure   Level
 Corpse Rot               Necr/Air       10%        N/A       16%         2
 Mephitic Cloud           Conj/Pois/Air  10%        N/A       19%         3
 Olgreb's Toxic Radiance  Pois           21%        N/A       22%         4


Dungeon Overview and Level Annotations

Branches:
Dungeon (2/15)

Altars:
Lugonu

Shops:
D:1 (

Annotations:
D:2 Natasha, Sigmund


Message History

You are frozen.
Natasha, Servant of Life and Death comes into view.
You miscast Sting.
Nothing appears to happen.
The endoplasm freezes you.
You are frozen.
The sting hits the endoplasm.
The endoplasm partially resists.
You kill the endoplasm!
Lugonu accepts your kill. Robin barely misses you.
The sting hits Robin.
Robin is poisoned.
Robin is lightly wounded.
Robin closely misses you.
The sting hits Robin.
Robin looks even sicker.
Robin is heavily wounded.
Robin hits you with a +0 club.
You are too injured to fight recklessly!
Casting: Sting (safe; 3% risk of failure)
Confirm with . or Enter, or press ? or * to list all spells.
Aiming: Sting (safe; 3% risk of failure)
Press: ? - help, Shift-Dir - straight line, f/p - Robin
Aim: Robin, wielding a +0 club, wearing a +0 animal skin, wearing a +0 helmet and wearing a ring of wizardry (heavily wounded, very poisoned, 81% to hit)
The sting hits Robin but does no damage.
Robin looks even sicker.
Robin is heavily wounded.
Robin hits you with a +0 club.
You closely miss Robin.
Robin is heavily wounded.
Robin misses you.
You hit Robin.
Robin is severely wounded.
You kill Robin!
Lugonu accepts your kill.
A goblin comes into view. It is wielding a +0 dagger.
Natasha barely misses you.
You hit Natasha but do no damage. Natasha claws you.
Your magical contamination has completely faded away.
You hit Natasha but do no damage. Natasha casts a spell at you.
The magic dart hits you!
You die...

#.##.# #.>... ..
#..#..#.######....# ...
#..##.#............ ....
#..##.#............
....##.......†.....≈.≈≈≈
......##.#..####♣≈≈.≈.
...)##.#..# #..≈.≈
#..h.g...# #≈≈≈...
##@#####.# #.≈..#♣
##.......# #≈.♣≈≈≈
#..####### #...# ....#..
......#... ..###...#.# .
# ..#.# #....


You could see Natasha and a goblin.

Vanquished Creatures
  Natasha (D:2)
  Robin (D:2)
  A gnoll (D:1)
  A dart slug (D:1)
  4 ball pythons
  A bat (D:2)
  2 endoplasms (D:2)
  9 goblins
  5 hobgoblins
  4 jackals (D:1)
  4 quokkas
  A frilled lizard (D:2)
  3 kobolds
  2 rats (D:1)
39 creatures vanquished.

Notes
Turn   | Place    | Note
-------+----------+-------------------------------------------
     0 | D:1      | Dabor the Deep Elf Venom Mage began the quest for the Orb.
     0 | D:1      | Reached XP level 1. HP: 10/10 MP: 6/6
   352 | D:1      | Reached XP level 2. HP: 15/15 MP: 4/8
  1022 | D:1      | Learned a level 2 spell: Poisonous Vapours
  1178 | D:1      | Reached XP level 3. HP: 15/19 MP: 3/9
  1274 | D:1      | Found a faded altar of an unknown god.
  1293 | D:1      | Found Ulonum's Antique Weapon Shoppe.
  1587 | D:1      | Prayed at the altar of an unknown god.
  1587 | D:1      | Became a worshipper of Lugonu the Unformed
  1587 | D:1      | Reached * piety under Lugonu
  1587 | D:1      | Reached ** piety under Lugonu
  1912 | D:2      | Noticed Sigmund
  2272 | D:2      | Noticed Natasha
  2278 | D:2      | Killed Natasha
  2279 | D:2      | Reached XP level 4. HP: 13/24 MP: 6/11
  2413 | D:2      | Noticed Robin
  2414 | D:2      | Noticed Natasha
  2421 | D:2      | Killed Robin
  2423 | D:2      | Killed from afar by Natasha

Illustrated notes

Levels and vault maps discovered:
D:1:      ncdulo_smallfort, layout_loops_ring,
          shapermc_ecumenical_altar_mp_urbaneastern, serial_shops, shop
D:2:      layout_loops_cross, palyth_stone_intersect,
          chequers_serial_rivers_marsh, minmay_randomly_rotated_circles,
          uniq_natasha, uniq_jessica, uniq_robin, uniq_sigmund

Skill      XL: |  1  2  3 |
---------------+----------+-----
Stealth        | 3 |  3.0
Dodging        | 3 |  3.1
Transmutations | 2 |  2.2
Spellcasting   | |  3.6
Air Magic      | |  0.7
Poison Magic   | |  3.9
Invocations    | |  0.8

Action                   |  1- 3 |  4- 6 || total
-------------------------+-------+-------++-------
Melee: Unarmed           |    11 |     4 ||    15
 Cast: Sting             |    69 |    10 ||    79
       Poisonous Vapours |     2 |       ||     2
Armor: Robe              |     4 |       ||     4
Dodge: Dodged            |    24 |     4 ||    28

Table legend: (Time is in decaauts)
 A = Elapsed time spent in this place.
 B = Non-inter-level travel time spent in this place.
 C = Inter-level travel time spent in this place.
 D = Time resting spent in this place.
 E = Time spent auto-exploring this place.
 F = Levels seen in this place.
 G = Mean time per level.
                   A        B        C        D        E       F      G
               +--------+--------+--------+--------+--------+-----+--------+
         Total |   2423 |   2336 |     87 |    801 |   1277 |   2 | 1211.5 |
       Dungeon |   2423 |   2336 |     87 |    801 |   1277 |   2 | 1211.5 |
               +--------+--------+--------+--------+--------+-----+--------+

Top non-repeatable levels by time:
     D:1: 1853 daAuts
     D:2: 570 daAuts
